 Dungeon Crawl Stone Soup version 0.23.2-33-g5129a83184 (webtiles) character file.

Game seed: 6438208318107392252

4930 vierth the Basher (level 10, 0/88 HPs)
             Began as a Minotaur Berserker on June 24, 2019.
             Was a High Priest of Trog.
             Succumbed to a gnoll sergeant's poison
             ... on level 10 of the Dungeon on June 26, 2019.
             The game lasted 00:23:30 (9312 turns).

vierth the Basher (Minotaur Berserker)              Turns: 9312, Time: 00:23:31

Health: 0/88       AC: 14    Str: 22    XL:     10   Next: 27%
Magic:  9/9        EV:  7    Int:  4    God:    Trog [*****.]
Gold:   479        SH:  0    Dex: 13    Spells: 9/9 levels left

rFire    . . .     SeeInvis .   p - +2 mace (holy)
rCold    . . .     Gourm    .   (no shield)
rNeg     . . .     Faith    .   G - +0 plate armour
rPois    .         Spirit   .   (helmet restricted)
rElec    .         Reflect  .   s - scarf {cloud immunity}
rCorr    .         Harm     .   (no gloves)
MR       .....                  I - +0 pair of boots
Stlth    ..........             (no amulet)
HPRegen  0.24/turn              (no ring)
MPRegen  0.11/turn              (no ring)

@: lethally poisoned (0 -> -9), berserk cooldown, slowed, very slow
A: retaliatory headbutt, horns 2
a: Berserk, Trog's Hand, Brothers in Arms, Renounce Religion


You were on level 10 of the Dungeon.
You worshipped Trog.
Trog was extremely pleased with you.
You were hungry.

You visited 2 branches of the dungeon, and saw 11 of its levels.
You also visited: Ossuary.

You collected 479 gold pieces.

Inventory:

Hand Weapons
 b - a +0 morningstar
 p - a +2 mace of holy wrath (weapon)
 x - a +5 battleaxe of freezing
Missiles
 n - 2 tomahawks (quivered)
Armour
 s - a scarf of cloud immunity (worn)
 G - a +0 plate armour (worn)
 I - a +0 pair of boots (worn)
Jewellery
 w - an uncursed ring of protection from cold
Wands
 i - a wand of acid (3)
 v - a wand of iceblast (8)
Scrolls
 d - 12 scrolls of identify
 h - 2 scrolls of enchant armour {unknown}
 j - 13 scrolls of remove curse
 l - 3 scrolls of amnesia {unknown}
 m - 4 scrolls of enchant weapon {unknown}
 q - a scroll of immolation {unknown}
 r - a scroll of random uselessness {unknown}
 u - 2 scrolls of fear {unknown}
 y - 2 scrolls of acquirement {unknown}
 A - a scroll of blinking {unknown}
 C - 4 scrolls of teleportation {unknown}
 D - 2 scrolls of noise {unknown}
 F - 2 scrolls of fog {unknown}
 H - a scroll of magic mapping {unknown}
Potions
 a - 4 potions of flight {unknown}
 e - 5 potions of heal wounds {unknown}
 f - 6 potions of curing {unknown}
 g - a potion of magic {unknown}
 k - 7 potions of might {unknown}
 o - 3 potions of cancellation {unknown}
 t - 3 potions of haste {unknown}
 z - a potion of invisibility {unknown}
 B - a potion of mutation {unknown}
 E - 2 potions of agility {unknown}
Comestibles
 c - 20 rations
 J - 11 chunks of flesh


   Skills:
 + Level 8.0 Fighting
 - Level 14.0 Maces & Flails
 - Level 4.0 Throwing
 + Level 7.5 Armour
 - Level 2.1 Dodging


You had 9 spell levels left.
You didn't know any spells.
Your spell library was empty.

Dungeon Overview and Level Annotations

Branches:
Dungeon (10/15)            Temple (1/1) D:4            Lair (0/6) D:9
    Orc (0/2) D:10

Altars:
Ashenzari
Cheibriados
Dithmenos
Elyvilon
Fedhas
Gozag
Hepliaklqana
Kikubaaqudgha
Makhleb
Nemelex Xobeh
Okawaru
Qazlal
Ru
Sif Muna
Trog
Uskayaw
Vehumet
Wu Jian
Xom
Yredelemnul
Zin
The Shining One

Annotations:
D:8 1 runed translucent door, Ananasrisotto's ghost, novice DsBe
D:9 3 runed translucent doors, gre3edy's ghost, journeyman FoAK


Innate Abilities, Weirdness & Mutations

You reflexively headbutt those who attack you in melee.
You have a pair of horns on your head.


Message History

The orc warrior throws a silver tomahawk.
The silver tomahawk hits you!
* * * LOW HITPOINT WARNING * * *
You see here 2 silver tomahawks.
* * * LOW HITPOINT WARNING * * *
You feel very sick.
* * * LOW HITPOINT WARNING * * *
You feel sick.
* * * LOW HITPOINT WARNING * * *
You feel sick.
The orc warrior throws a silver tomahawk.
The silver tomahawk hits you.
* * * LOW HITPOINT WARNING * * *
You see here a silver tomahawk.
* * * LOW HITPOINT WARNING * * *
You feel sick.
The orc warrior throws a silver tomahawk.
The silver tomahawk completely misses you.
You see here a silver tomahawk.
You die...

#.# #.# ..# #.# ### #.#
#.# ####### #.# #8...8#
#.# #.....#
#.###########.gKoo#
#........((.#Oog.g#
#............@##o#8Kg)8#
#.##############(###(#####
#...og....# #########.#


There were no monsters in sight!

Vanquished Creatures
  A troll (D:9)
  2 wraiths (Ossuary)
  Menkaure (D:6)
  A sky beast (D:9)
  2 ice beasts
  A black bear (D:5)
  2 ogres
  4 orc warriors
  3 phantoms
  3 centaurs
  4 big kobolds
  3 bullfrogs
  2 gnoll sergeants (D:10)
  4 scorpions
  3 wights (Ossuary)
  2 crimson imps
  7 orc priests
  4 centaur skeletons
  5 hounds
  5 jellies
  A bullfrog zombie (D:7)
  15 orc wizards
  3 bullfrog skeletons
  3 iguanas
  4 worker ants
  2 hound skeletons
  A mummy (D:5)
  A worker ant zombie (D:7)
  9 adders
  A shadow imp (D:7)
  5 oozes (D:8)
  3 adder zombies
  An adder skeleton (D:4)
  4 worms
  4 dart slugs
  5 leopard geckos
  37 orcs
  5 giant cockroaches
  5 goblins
  6 hobgoblins
  11 jackals
  16 kobolds
  4 quokkas
  A ball python (D:3)
  7 bats
  5 frilled lizards
  A hobgoblin skeleton (Ossuary)
  A hobgoblin zombie (Ossuary)
  A kobold zombie (Ossuary)
  A leopard gecko skeleton (D:4)
  3 orc skeletons (Ossuary)
  An orc zombie (Ossuary)
  A quokka zombie (D:8)
  8 rats
235 creatures vanquished.

Notes
Turn   | Place    | Note
-------+----------+-------------------------------------------
     0 | D:1      | vierth the Minotaur Berserker began the quest for the Orb.
     0 | D:1      | Reached XP level 1. HP: 19/19 MP: 0/0
    73 | D:1      | Reached skill level 4 in Maces & Flails
   125 | D:1      | Reached XP level 2. HP: 20/26 MP: 1/1
   788 | D:2      | Reached skill level 5 in Maces & Flails
   857 | D:2      | Reached XP level 3. HP: 31/31 MP: 2/2
   866 | D:2      | Reached ** piety under Trog
  1553 | D:3      | Reached skill level 1 in Throwing
  1553 | D:3      | Reached XP level 4. HP: 39/39 MP: 3/3
  1555 | D:3      | Reached skill level 6 in Maces & Flails
  1587 | D:3      | Upgraded the game from 0.23.2-30-g0e89c35649 to
                  | 0.23.2-33-g5129a83184
  1639 | D:3      | Reached XP level 5. HP: 31/45 MP: 4/4
  2675 | D:4      | Reached XP level 6. HP: 30/51 MP: 5/5
  2678 | D:4      | Reached skill level 7 in Maces & Flails
  3024 | D:4      | Noticed an angel
  3026 | D:4      | Found a glowing silver altar of Zin.
  3026 | D:4      | Found a shimmering altar of Xom.
  3123 | D:4      | Found an iron altar of Okawaru.
  3147 | D:4      | Reached *** piety under Trog
  3156 | D:4      | Found a staircase to the Ecumenical Temple.
  3447 | Temple   | Entered the Ecumenical Temple
  3683 | D:5      | Entered Level 5 of the Dungeon
  3757 | D:5      | Reached skill level 8 in Maces & Flails
  3764 | D:5      | Reached XP level 7. HP: 57/57 MP: 6/6
  3816 | D:5      | Found a sand-covered staircase.
  3826 | Ossuary  | Entered an ossuary
  3958 | Ossuary  | Noticed a wraith
  3958 | Ossuary  | Noticed a flying skull
  3964 | Ossuary  | Noticed a flying skull
  3965 | Ossuary  | Noticed a flying skull
  3991 | Ossuary  | Noticed a flying skull
  3998 | Ossuary  | Noticed a flying skull
  3999 | Ossuary  | Noticed a wraith
  4014 | Ossuary  | Killed a wraith
  4014 | Ossuary  | Reached skill level 9 in Maces & Flails
  4252 | Ossuary  | Noticed a wraith
  4258 | Ossuary  | Killed a wraith
  4258 | Ossuary  | Reached skill level 10 in Maces & Flails
  4541 | D:5      | Found a hazy altar of Hepliaklqana.
  4598 | D:5      | Reached XP level 8. HP: 49/64 MP: 7/7
  4872 | D:6      | HP: 3/64 [centaur/arrow (8)]
  5178 | D:5      | Reached skill level 11 in Maces & Flails
  5296 | D:6      | Got a twisted ring mail
  5359 | D:6      | Reached **** piety under Trog
  5379 | D:6      | Reached skill level 12 in Maces & Flails
  5714 | D:6      | Identified the +2 ring mail of Ejiol Hei {MR+ Regen+ Dex-4
                  | SInv} (You found it on level 6 of the Dungeon)
  5750 | D:6      | Found a bloodstained altar of Trog.
  6085 | D:6      | Noticed Menkaure
  6089 | D:6      | Killed Menkaure
  6109 | D:6      | Found a burning altar of Makhleb.
  6109 | D:6      | Found a stormy altar of Qazlal.
  6658 | D:7      | Found an opulent altar of Gozag.
  6658 | D:7      | Reached skill level 13 in Maces & Flails
  6665 | D:7      | Reached XP level 9. HP: 70/70 MP: 8/8
  7293 | D:8      | Reached skill level 14 in Maces & Flails
  7625 | D:8      | Reached ***** piety under Trog
  7625 | D:8      | Reached skill level 5 in Fighting
  7767 | D:8      | Reached skill level 5 in Armour
  7807 | D:8      | Found a runed translucent door.
  7807 | D:8      | Found a shimmering altar of Xom.
  7807 | D:8      | Noticed a +1 short sword of chaos
  7807 | D:8      | Noticed Ananasrisotto's ghost (novice DsBe)
  8242 | D:9      | Noticed a troll
  8248 | D:9      | Killed a troll
  8248 | D:9      | Reached XP level 10. HP: 84/84 MP: 9/9
  8595 | D:9      | Found a runed translucent gate.
  8596 | D:9      | Found a runed translucent gate.
  8596 | D:9      | Found a runed translucent gate.
  8668 | D:9      | Noticed gre3edy's ghost (journeyman FoAK)
  8711 | D:9      | Found a staircase to the Lair.
  9192 | D:10     | Entered Level 10 of the Dungeon
  9280 | D:10     | Found a staircase to the Orcish Mines.
  9310 | D:10     | HP: 3/88 [orc warrior/silver tomahawk (4)]
  9311 | D:10     | HP: 1/88 [poisoned by a gnoll sergeant]
  9312 | D:10     | Succumbed to a gnoll sergeant's poison

Skill      XL: |  1  2  3  4  5  6  7  8  9 10 |
---------------+-------------------------------+-----
Maces & Flails | 4 5 6 8 10 13 14 | 14.0
Throwing       | 1 2 3 4 |  4.0
Fighting       | 6 8 |  8.0
Armour         | 6 7 |  7.5
Dodging        | |  2.1

Action                   |  1- 3 |  4- 6 |  7- 9 | 10-12 || total
-------------------------+-------+-------+-------+-------++-------
Melee: Mace              |    61 |   131 |   352 |    76 ||   620
       Headbutt          |    10 |    25 |    68 |    21 ||   124
Throw: Tomahawk          |     4 |       |       |       ||     4
Invok: Berserk           |     1 |     3 |     9 |     1 ||    14
  Use: Scroll            |       |       |     4 |       ||     4
 Stab: Sleeping          |     1 |       |       |       ||     1
  Eat: Chunk             |     2 |     9 |    16 |     4 ||    31
       Ration            |       |       |     2 |       ||     2
Armor: Animal skin       |     8 |       |       |       ||     8
       Scale mail        |     2 |    40 |       |       ||    42
       Chain mail        |       |    16 |   126 |       ||   142
       Plate armour      |       |       |    32 |    36 ||    68
Dodge: Dodged            |    53 |    59 |   102 |    27 ||   241
